 Dungeon Crawl Stone Soup version 0.15.2 (webtiles) character file.

229 MordorOrchid the Sneak (level 5, -3/25 HPs)
             Began as a Spriggan Enchanter on June 5, 2020.
             Killed by divine providence
             ... invoked by an orc priest
              (13 damage)
             ... on Level 4 of the Dungeon.
             The game lasted 00:18:07 (3111 turns).

MordorOrchid the Sneak (Spriggan Enchanter)         Turns: 3111, Time: 00:18:07

HP  -3/25        AC  3     Str  4      XL: 5   Next: 71%
MP   2/18        EV 19     Int 17      God:
Gold 190         SH  0     Dex 17      Spells:  4 memorised,  3 levels left

rFire  . . .     SeeInvis +     y - +2 dagger (venom)
rCold  . . .     Clarity  .     B - +1 robe
rNeg   . . .     rCorr    .     (shield restricted)
rPois  .         rRot     .     (helmet restricted)
rElec  .         Spirit   .     (no cloak)
SustAb .         Warding  .     (gloves unavailable)
rMut   .         Stasis   .     (boots unavailable)
Gourm  .                        (no amulet)
MR     .....                    (no ring)
                                (no ring)

@: very slightly contaminated, very quick, not resistant to hostile
enchantments, stealthy
A: unfitting armour, see invisible, herbivore 3, speed 3, slow metabolism 2
a: no special abilities


You were on level 4 of the Dungeon.
You were full.

You visited 1 branch of the dungeon, and saw 4 of its levels.

You collected 190 gold pieces.

Inventory:

Hand weapons
 a - a +1 dagger
 q - a +0 dagger of electrocution
 y - a +2 dagger of venom (weapon)
Missiles
 e - 43 stones (quivered)
 f - 30 arrows
 h - 20 sling bullets
 l - 30 bolts
 m - 14 silver sling bullets
 x - 5 tomahawks
 z - 16 arrows of dispersal
Armour
 B - a +1 robe (worn)
Comestibles
 p - a royal jelly
 A - a bread ration
Scrolls
 b - a scroll of noise {unknown}
 i - a scroll of magic mapping {unknown}
 j - a scroll of immolation {unknown}
 r - 3 scrolls of remove curse
 u - 2 scrolls of enchant weapon {unknown}
Potions
 d - a potion of porridge
 g - a potion of flight {unknown}
 k - a potion of heal wounds
 n - 6 potions of curing
 o - a potion of brilliance {unknown}
 s - a potion of lignification {unknown}
 t - a potion of resistance {unknown}
 v - a potion of magic {unknown}
Books
 c - a book of Maledictions

   Spells                             Type                      Level
   *Corona                            Hexes                        1
   Sure Blade                         Hexes/Charms                 2
   *Ensorcelled Hibernation           Hexes/Ice                    2
   *Confuse                           Hexes                        3
   *Dazzling Spray                    Conjuration/Hexes            3
   Enslavement                        Hexes                        4


   Skills:
 * Level 1.0 Fighting
 * Level 1.3 Short Blades
 * Level 3.6 Dodging
 - Level 6.0 Stealth
 + Level 4.3 Spellcasting
 * Level 0.2 Conjurations
 + Level 5.0 Hexes
 - Level 1.2 Ice Magic


You had 3 spell levels left.
You knew the following spells:

 Your Spells              Type           Power        Failure   Level  Hunger
a - Corona                Hex            ###....      1%          1    None
b - Ensorcelled Hibernat  Hex/Ice        ##....       10%         2    ##.....
c - Confuse               Hex            ###.....     8%          3    ###....
d - Dazzling Spray        Conj/Hex       ##......     17%         3    ###....


Dungeon Overview and Level Annotations

Branches:
Dungeon (4/15)
 Temple: D:4-7

Altars:
Sif Muna

Annotations:
D:4 Sigmund


Innate Abilities, Weirdness & Mutations

You are tiny and cannot use many weapons and most armour.
You have supernaturally acute eyesight.
You are a herbivore.
You cover ground extremely quickly.
You need consume almost no food.


Message History

You strike the helpless orc wizard from behind!
You slice the orc wizard!!
You kill the orc wizard!
Your Hexes skill increases to level 5!
The orc barely misses you.
Things that are here:
a dagger; a robe; an orc corpse An orc wizard comes into view.
It is wielding a dagger.
The orc priest shouts!
The orc wizard moves out of view.
The orc priest mumbles some strange prayers to Beogh against you.
Something smites you!
You see here a meat ration.
The giant cockroach waves its antennae.
The orc priest invokes the aid of Beogh against you.
Pain shoots through your body!
The orc priest invokes the aid of Beogh against you.
Something smites you!
Ouch! That really hurt!
You die...

##.##.....##..#
#.###.).##...s
#.# ##o##..soo
#.###..##....!o
#...%..# #.####
#......###.#
#.....[..o.#
#......s.o.#
#....@....W#
#.............
##...........
#........$##
#......)...#
#..........##
####.#####..##
#.# ##..# #.##
##.#


You could see a phantom, an orc priest, an orc wizard (wandering), an orc and a
giant cockroach.

Vanquished Creatures
  A hound (D:4)
  2 orc wizards
  Ijyb (D:3)
  5 adders
  3 worms
  4 giant geckos
  6 orcs
  11 bats
  2 giant cockroaches
  9 hobgoblins
  7 jackals
  3 giant newts
  5 goblins
  8 kobolds
  5 rats
72 creatures vanquished.

Notes
Turn   | Place    | Note
--------------------------------------------------------------
     0 | D:1      | MordorOrchid, the Spriggan Enchanter, began the quest for the Orb.
     0 | D:1      | Reached XP level 1. HP: 9/9 MP: 4/4
   454 | D:1      | Reached skill level 5 in Stealth
   636 | D:1      | Reached XP level 2. HP: 8/13 MP: 3/7
   640 | D:1      | Learned a level 2 spell: Ensorcelled Hibernation
   894 | D:1      | Reached skill level 6 in Stealth
  1201 | D:1      | Reached XP level 3. HP: 16/16 MP: 7/9
  1211 | D:1      | Learned a level 3 spell: Confuse
  1794 | D:2      | Reached XP level 4. HP: 14/21 MP: 1/13
  1799 | D:2      | Learned a level 3 spell: Dazzling Spray
  1991 | D:3      | Reached skill level 1 in Ice Magic
  2273 | D:3      | Noticed Ijyb
  2283 | D:3      | Killed Ijyb
  2347 | D:3      | Reached XP level 5. HP: 25/25 MP: 2/17
  2849 | D:4      | Noticed a phantom
  2882 | D:4      | Noticed Sigmund
  2934 | D:4      | Reached skill level 1 in Fighting
  3039 | D:4      | Found a deep blue altar of Sif Muna.
  3101 | D:4      | Reached skill level 5 in Hexes
  3111 | D:4      | Killed from afar by an orc priest

Action                   |  1- 3 |  4- 6 || total
-------------------------+-------+-------++-------
Melee: Dagger            |    98 |    70 ||   168
 Cast: Corona            |    31 |    13 ||    44
       Ensorcelled Hiber |     7 |     7 ||    14
       Confuse           |       |     7 ||     7
  Use: Scroll            |     2 |     3 ||     5
 Stab: Sleeping          |    10 |    10 ||    20
       Confused          |       |     1 ||     1
  Eat: Bread ration      |       |     1 ||     1
